 Dungeon Crawl Stone Soup version 0.28.0-53-g5a82cb258f (webtiles) character file.

Game seed: 3268176316518845193

147501 DuloT34 the Warrior (level 17, -25/133 HPs)
             Began as a Merfolk Ice Elementalist on June 16, 2022.
             Was the Champion of Hepliaklqana.
             Annihilated by a naga warrior
             ... wielding a +0 flail
              (40 damage)
             ... on level 2 of the Snake Pit.
             The game lasted 02:05:52 (36766 turns).

DuloT34 the Warrior (Merfolk Ice Elementalist)     Turns: 36766, Time: 02:05:53

Health: -25/133    AC: 28    Str: 19    XL:     17   Next: 47%
Magic:  17/28      EV: 16    Int: 20    God:    Hepliaklqana [******]
Gold:   811        SH:  3    Dex: 15    Spells: 18/30 levels left

rFire   . . .      SeeInvis .   z - +5 war axe of Ecril {vorpal, rC+ Will+ Int+3}
rCold   + + .      Faith    .   o - +0 buckler
rNeg    + . .      Spirit   .   A - +1 acid dragon scales
rPois   .          Reflect  .   n - +0 helmet
rElec   .          Harm     .   P - +3 cloak of Polif {rC+ rN+ Stlth+}
rCorr   +          Rampage  .   (no gloves)
Will    ++...                   r - +0 pair of boots
Stlth   +++.......              k - amulet of regeneration
HPRegen 1.12/turn               e - +6 ring of strength
MPRegen 0.21/turn               T - +4 ring of protection

@: ice-armoured, freezing walls, constricted
A: reduced essence, (nimble swimmer 2), mertail
a: Renounce Religion, Recall Ancestor, Ancestor Identity, Transference, Idealise


You were on level 2 of the Snake Pit.
You worshipped Hepliaklqana.
Hepliaklqana was exalted by your worship.
You visited 6 branches of the dungeon, and saw 23 of its levels.
You visited the Abyss 1 time.
You also visited: Ice Cave.

You collected 2343 gold pieces.
You spent 1532 gold pieces at shops.

Inventory:

Hand Weapons
 x - the +6 trident of Harmony {spect, Int+4}
   (You found it on level 6 of the Dungeon)

   When its wielder attacks, the weapon's spirit leaps out and strikes again.
   The spirit shares a part of any damage it takes with its wielder.
   Int:       It affects your intelligence (+4).
 z - the +5 war axe of Ecril (weapon) {vorpal, rC+ Will+ Int+3}
   (You found it on level 7 of the Dungeon)

   It inflicts extra damage upon your enemies.
   Int:       It affects your intelligence (+3).
   rC:        It protects you from cold.
   Will:      It increases your willpower.
 C - a +1 demon trident of flaming
 N - a +0 vampiric glaive
Missiles
 D - 2 curare-tipped darts (quivered)
Armour
 n - a +0 helmet (worn)
 o - a +0 buckler (worn)
 r - a +0 pair of boots (worn)
 A - +1 acid dragon scales (worn)
 P - the +3 cloak of Polif (worn) {rC+ rN+ Stlth+}
   (You bought it in a shop on level 2 of the Orcish Mines)

   rC:        It protects you from cold.
   rN:        It protects you from negative energy.
   Stlth:     It makes you more stealthy.
Jewellery
 e - a +6 ring of strength (left hand)
 i - a ring of protection from fire
 k - an amulet of regeneration (around neck)
 v - a ring of see invisible
 G - a +6 ring of dexterity
 L - a ring of fire
 Q - a +6 ring of intelligence
 S - a ring of willpower
 T - a +4 ring of protection (right hand)
 Z - an amulet of guardian spirit
Wands
 f - a wand of digging (4)
 j - a wand of polymorph (11)
 B - a wand of mindburst (7)
 M - a wand of acid (3)
 O - a wand of paralysis (2)
 V - a wand of flame (6)
 Y - a wand of iceblast (5)
Scrolls
 b - 7 scrolls of amnesia
 d - 3 scrolls of immolation
 l - a scroll of identify
 q - a scroll of teleportation
 t - 2 scrolls of silence
 y - 3 scrolls of fog
 E - a scroll of noise
 F - a scroll of vulnerability
 I - 4 scrolls of enchant weapon
 R - 3 scrolls of magic mapping
 W - 2 scrolls of enchant armour
 X - a scroll of brand weapon
Potions
 a - 3 potions of cancellation
 c - 3 potions of brilliance
 g - 5 potions of might
 h - 6 potions of lignification
 m - 2 potions of curing
 s - 2 potions of mutation
 u - 4 potions of attraction
 w - 2 potions of haste
 J - a potion of berserk rage
 K - 3 potions of flight
Miscellaneous
 H - a lightning rod (4/4)


   Skills:
 + Level 17.6 Fighting
 - Level 16.4 Polearms
 - Level 10.0 Armour
 + Level 16.3 Dodging
 - Level 2.1 Stealth
 + Level 7.4 Spellcasting
 + Level 12.4 Ice Magic
 - Level 5.0 Invocations


You had 18 spell levels left.
You knew the following spells:

 Your Spells              Type           Power      Damage    Failure   Level
a - Freeze                Ice            100%       1d11      1%          1
b - Ozocubu's Armour      Ice            55%        N/A       1%          3
c - Frozen Ramparts       Ice            100%       1d12      1%          3
d - Freezing Cloud        Conj/Ice/Air   12%        6-21      61%         5

Your spell library contained the following spells:

 Spells                   Type           Power      Damage    Failure   Level
 Ensorcelled Hibernation  Hex/Ice        64%        N/A       1%          2
 Hailstorm                Conj/Ice       32%        3d8       12%         4
 Sting                    Tmut/Pois      28%        1d4       16%         1
 Summon Small Mammal      Summ           28%        N/A       16%         1
 Call Imp                 Summ           7%         N/A       24%         2
 Passwall                 Tmut/Erth      5%         N/A       24%         2
 Static Discharge         Conj/Air       7%         N/A       24%         2
 Call Canine Familiar     Summ           7%         N/A       43%         3
 Conjure Flame            Conj/Fire      7%         6-21      43%         3
 Ignite Poison            Fire/Tmut/Pois 7%         N/A       43%         3
 Spider Form              Tmut/Pois      7%         N/A       43%         3
 Summon Guardian Golem    Hex/Summ       7%         N/A       43%         3
 Swiftness                Air            7%         N/A       43%         3
 Tukima's Dance           Hex            7%         N/A       43%         3
 Anguish                  Hex/Necr       3%         N/A       83%         4
 Cause Fear               Hex            3%         N/A       83%         4
 Dispel Undead            Necr           7%         3d8       83%         4
 Fulminant Prism          Conj/Hex       3%         3d6       83%         4
 Passage of Golubria      Tloc           7%         N/A       83%         4
 Sticky Flame             Conj/Fire      7%         2d3       83%         4
 Summon Lightning Spire   Summ/Air       7%         N/A       83%         4
 Simulacrum               Ice/Necr       16%        N/A       88%         6
 Fireball                 Conj/Fire      3%         3d4       99%         5
 Summon Mana Viper        Hex/Summ       7%         N/A       99%         5
 Yara's Violent Unravell  Hex/Tmut       3%         3d4       99%         5
 Storm Form               Tmut/Air       3%         N/A       100%        7
 Maxwell's Capacitive Co  Air            3%         ∞         100%        8
 Polar Vortex             Ice            27%        N/A       100%        9


Dungeon Overview and Level Annotations

Branches:
Dungeon (10/15)            Temple (0/1) D:6            Lair (6/6) D:10
  Swamp (2/4) Lair:2        Snake (2/4) Lair:3        Slime (0/5) Lair:5
    Orc (2/2) D:9             Elf (1/3) Orc:2         IceCv (visited)

Altars:
Dithmenos
Elyvilon
Fedhas
Hepliaklqana
Sif Muna
Vehumet
Zin
Beogh

Shops:
D:4 *   D:8 !   Orc:1 **   Orc:2 [*[[

Annotations:
Lair:2 3 runed translucent doors, Fartwhistle's ghost, journeyman DjCj
Lair:3 exclusion: ice statue
Lair:4 exclusion: oklob plant
Snake:1 1 runed translucent door, Idizus's ghost, adept MiFi


Innate Abilities, Weirdness & Mutations

Your life essence is reduced to manifest your ancestor. (-10% HP)
((You are very nimble when in or above water. (Stealth+, EV+, Speed+++)))
Your lower body shifts to a powerful aquatic tail in water.


Message History

Hepliaklqana grants Valera healing and protection!
You feel sick.
Valera hits the mana viper with a +0 broad axe of flaming!!!
Valera burns the mana viper.
The mana viper dies!
The wall freezes the naga warrior.
The naga warrior misses you. The naga warrior constricts you.
What are your orders? t - Shout!
Orders for allies: a - Attack new target. r - Retreat! s - Stop attacking. g - Guard the area. f - Follow me.
Anything else - Cancel.
Gang up on whom?
Press: ? - help, Dir - move target, f - naga warrior
Aim: a naga warrior, wielding a +0 flail, wearing a +0 robe and wearing a +0 kite shield (moderately wounded, constricting you, strong) Attack!
The frozen ramparts melt away.
You feel sick.
The naga warrior hits you with a +0 flail.
The naga warrior constricts you.
Casting: Frozen Ramparts (safe; 1% risk of failure)
Confirm with . or Enter, or press ? or * to list all spells.
Casting: Frozen Ramparts (safe; 1% risk of failure)
Press: ? - help, Dir - look around, f - activate The walls around you are covered in ice.
You feel sick.
Valera barely misses the naga warrior.
The wall freezes the naga warrior.
The naga warrior misses you. The naga warrior constricts you.
You hit the naga warrior.
The naga warrior is moderately wounded.
You feel sick.
Valera hits the naga warrior with a +0 broad axe of flaming!
Valera burns the naga warrior.
The wall freezes the naga warrior.
The naga warrior hits you with a +0 flail!!!
* * * LOW HITPOINT WARNING * * *
The naga warrior constricts you.
You feel better.
Valera hits the naga warrior with a +0 broad axe of flaming!
Valera burns the naga warrior.
The wall freezes the naga warrior.
The naga warrior hits you with a +0 flail!!!
You die...

#. .... #...... .
...... .. #.#.) ..
#.#.##.# #.#... ##
#))†# #.. ###R@.#
.#.)[#####..N.#......
.........))..#....###
. ######).#...^....#
.. ##...#....##.##
..####..##........#
...........#.......
..##....#...........
.. ###....#..........


You could see the friendly Valera the knight (idealised) and a naga warrior
(strong, ally target).

Vanquished Creatures
  Rupert (Lair:4)
  A deep elf demonologist (Elf:1)
  2 bunyips (Swamp:2)
  A spark wasp (shapeshifter) (Elf:1)
  A deep elf death mage (Elf:1)
  Josephine (Lair:6)
  A naga warrior (Snake:1)
  An ice dragon (Lair:3)
  2 centaur warriors (Orc:2)
  A ghost crab (Swamp:1)
  8 hydras
  Erica (D:9)
  2 anacondas (Snake:1)
  2 alligators (Swamp:2)
  4 two-headed ogres
  7 dancing weapons (Elf:1)
  A naga sharpshooter (Snake:2)
  3 deep elf knights (Elf:1)
  A shock serpent (Snake:1)
  2 goliath frogs (Swamp:2)
  A sea snake (Snake:2)
  2 spriggan druids (Swamp:1)
  A swamp dragon (Swamp:1)
  3 orc knights
  3 mana vipers
  A naga ritualist (Snake:2)
  2 bog bodies
  7 deep elf archers (Elf:1)
  3 deep elf pyromancers (Elf:1)
  5 deep elf zephyrmancers (Elf:1)
  An orc sorcerer (Orc:2)
  A salamander (Snake:2)
  A cyclops (Orc:2)
  14 black mambas
  A guardian serpent (Snake:2)
  3 naga magi
  2 torpor snails
  Joseph (D:8)
  10 cane toads
  11 komodo dragons
  Maggie (D:7)
  2 rime drakes
  3 anaconda simulacra (IceCv)
  A hornet (Swamp:1)
  A troll (D:9)
  A bloated husk (Swamp:1)
  3 tyrant leeches
  9 polar bears
  3 dream sheep
  2 raiju (Lair:6)
  14 blink frogs
  A dire elephant simulacrum (IceCv)
  45 yaks
  A water elemental (Elf:1)
  2 wyverns
  4 wraiths (Lair:6)
  A steam dragon (D:9)
  3 vampire mosquitoes (D:10)
  A fire elemental (Elf:1)
  9 wargs
  6 nagas
  5 swamp worms
  14 water moccasins
  10 hell hounds (Lair:6)
  A floating eye (D:9)
  A swamp drake (Swamp:1)
  6 ice beasts (Lair:3)
  A sky beast (D:4)
  7 black bears
  26 orc warriors
  An ettin simulacrum (IceCv)
  3 ogres (Orc:1)
  A necrophage (D:4)
  5 centaurs
  42 wolves
  2 kobold brigands
  11 bullfrogs
  A scorpion (D:3)
  6 killer bees
  3 electric eels (Lair:2)
  2 howler monkeys (D:9)
  A bullfrog zombie (D:7)
  3 centaur zombies
  5 jellies
  9 orc priests
  2 centaur skeletons (D:7)
  2 iguanas (D:5)
  Natasha (twice) (D:4)
  17 orc wizards
  A scorpion zombie (D:5)
  A killer bee zombie (D:9)
  A howler monkey zombie (D:6)
  3 adders
  A white imp (Lair:3)
  2 worms (D:3)
  47 orcs
  6 bats
  13 endoplasms
  2 giant cockroaches
  14 goblins
  9 hobgoblins
  2 jackals (D:1)
  5 quokkas
  6 ball pythons
  4 frilled lizards
  17 kobolds
  4 rats
556 creatures vanquished.

Vanquished Creatures (collateral kills)
  Louise (Swamp:1)
  A very ugly thing (IceCv)
  2 hydras
  A naga warrior (Snake:2)
  3 anacondas (Snake:1)
  2 alligators (Swamp:1)
  A two-headed ogre (D:9)
  A naga sharpshooter (Snake:1)
  4 deep elf knights (Elf:1)
  A salamander mystic (Snake:2)
  2 naga ritualists (Snake:1)
  2 sea snakes (Snake:2)
  A deep elf archer (Elf:1)
  2 deep elf zephyrmancers (Elf:1)
  3 mana vipers
  3 deep elf pyromancers (Elf:1)
  An orc sorcerer (Elf:1)
  2 salamanders
  3 black mambas
  2 naga magi (Snake:1)
  A cane toad (Lair:6)
  3 komodo dragons
  An anaconda simulacrum (IceCv)
  2 polar bears (Lair:6)
  A tyrant leech (Swamp:1)
  3 hornets
  A blink frog (Lair:6)
  A raiju (Lair:6)
  2 dream sheep (Lair:5)
  A wraith (Lair:6)
  A wyvern (D:9)
  7 yaks
  4 spriggans
  A basilisk (Lair:1)
  A steam dragon (D:9)
  A vampire mosquito (D:10)
  3 wargs
  A swamp worm (Swamp:1)
  An acid dragon (D:9)
  3 water moccasins
  3 nagas
  2 hell hounds (Lair:6)
  A swamp drake (Swamp:2)
  2 ice beasts
  An ettin simulacrum (IceCv)
  5 black bears (Lair:6)
  7 orc warriors
  An ogre (D:5)
  3 centaurs
  5 wolves
  3 phantoms (D:5)
  2 kobold brigands
  A bullfrog (Lair:1)
  A scorpion (D:6)
  A lindwurm simulacrum (IceCv)
  3 centaur zombies
  A jelly (D:4)
  A hound (D:6)
  2 orc priests
  An iguana (D:5)
  10 orc wizards
  A killer bee zombie (D:5)
  A hound zombie (D:5)
  Robin (D:3)
  A howler monkey skeleton (D:5)
  3 adders
  A white imp (D:6)
  2 ufetubi
  13 orcs
  A giant cockroach (D:3)
  5 goblins
  4 hobgoblins
  7 kobolds
  A bat (D:3)
174 creatures vanquished.

Vanquished Creatures (others)
  A naga mage (Snake:1)
  A wolf (Lair:6)
  19 knights
  An orc (Elf:1)
  A bush (Lair:2)
  30 fungi
  73 plants
  2 withered plants (Snake:1)
128 creatures vanquished.

Grand Total: 858 creatures vanquished

Notes
Turn   | Place    | Note
-------+----------+-------------------------------------------
     0 | D:1      | DuloT34 the Merfolk Ice Elementalist began the quest for
                  | the Orb.
     0 | D:1      | Reached XP level 1. HP: 13/13 MP: 3/3
   179 | D:1      | Reached XP level 2. HP: 8/20 MP: 0/5
   649 | D:1      | Reached skill level 1 in Fighting
  1033 | D:1      | Reached XP level 3. HP: 26/26 MP: 2/6
  1208 | D:1      | Learned a level 3 spell: Ozocubu's Armour
  1316 | D:1      | Found a faded altar of an unknown god.
  1385 | D:1      | Prayed at the altar of an unknown god.
  1385 | D:1      | Became a worshipper of Hepliaklqana the Forgotten
  1385 | D:1      | Reached * piety under Hepliaklqana
  2077 | D:2      | Got Goejeif's Handbook of Ensnaring Contamination
  2119 | D:2      | Reached XP level 4. HP: 22/28 MP: 7/7
  2707 | D:2      | Learned a level 3 spell: Frozen Ramparts
  2823 | D:3      | Noticed Robin
  2852 | D:3      | Reached skill level 5 in Ice Magic
  2861 | D:3      | Killed Robin
  2862 | D:3      | Reached skill level 2 in Fighting
  2952 | D:3      | Noticed a scorpion
  2957 | D:3      | Killed a scorpion
  2958 | D:3      | Reached skill level 1 in Armour
  2958 | D:3      | Reached XP level 5. HP: 17/35 MP: 0/8
  3251 | D:3      | Reached ** piety under Hepliaklqana
  3252 | D:3      | Remembered your ancestor Valera as a knight
  4160 | D:3      | Found a radiant altar of Vehumet.
  4248 | D:4      | Reached skill level 3 in Fighting
  4653 | D:4      | Reached XP level 6. HP: 28/42 MP: 2/9
  4862 | D:4      | Found Imaewn's General Store.
  4915 | D:4      | Found a white marble altar of Elyvilon.
  4981 | D:4      | Noticed a sky beast
  4988 | D:4      | Killed a sky beast
  5036 | D:4      | Noticed Natasha
  5045 | D:4      | Killed Natasha
  5071 | D:4      | Noticed Natasha
  5076 | D:4      | Killed Natasha
  5180 | D:4      | Reached skill level 4 in Fighting
  5180 | D:4      | Reached XP level 7. HP: 31/48 MP: 10/10
  5504 | D:4      | Found a shimmering blue altar of Sif Muna.
  5850 | D:5      | Entered Level 5 of the Dungeon
  6191 | D:5      | Reached skill level 5 in Fighting
  6506 | D:5      | Reached XP level 8. HP: 28/55 MP: 7/11
  7602 | D:5      | Reached *** piety under Hepliaklqana
  7748 | D:5      | Reached skill level 6 in Fighting
  8968 | D:6      | Found a staircase to the Ecumenical Temple.
  8983 | D:6      | Identified the +6 trident of Harmony {spect, Int+4}
  9384 | D:7      | Identified the +5 war axe of Ecril {vorpal, rC+ Will+
                  | Int+3}
  9424 | D:7      | Noticed Maggie
  9436 | D:7      | Killed Maggie
  9437 | D:7      | Reached skill level 7 in Fighting
  9437 | D:7      | Reached XP level 9. HP: 48/64 MP: 8/16
  9563 | D:7      | Reached **** piety under Hepliaklqana
  9570 | D:7      | Reached skill level 5 in Spellcasting
 10258 | D:7      | Found a blossoming altar of Fedhas.
 10304 | D:7      | Reached skill level 8 in Fighting
 10304 | D:7      | Reached skill level 5 in Polearms
 10555 | D:8      | Noticed Joseph
 10573 | D:8      | Killed Joseph
 11018 | D:8      | Reached XP level 10. HP: 73/73 MP: 12/19
 11427 | D:8      | Found Muesept's Distillery.
 11485 | D:8      | Bought a potion of heal wounds for 65 gold pieces
 11624 | D:8      | Reached skill level 5 in Dodging
 11978 | D:9      | Noticed Erica
 11987 | D:9      | Killed Erica
 11988 | D:9      | Reached skill level 9 in Fighting
 12313 | D:9      | Noticed a two-headed ogre
 12329 | D:9      | Killed a two-headed ogre
 12454 | D:9      | Noticed a two-headed ogre
 12458 | D:9      | Killed a two-headed ogre
 12663 | D:9      | Noticed a two-headed ogre
 12669 | D:9      | Killed a two-headed ogre
 12670 | D:9      | Reached skill level 10 in Fighting
 12670 | D:9      | Reached XP level 11. HP: 74/81 MP: 13/20
 12907 | D:9      | Noticed a two-headed ogre
 12956 | D:9      | Killed a two-headed ogre
 12957 | D:9      | Reached skill level 10 in Polearms
 13014 | D:9      | Found a staircase to the Orcish Mines.
 13128 | D:10     | Entered Level 10 of the Dungeon
 13209 | D:10     | Found a glowing silver altar of Zin.
 13223 | D:10     | Identified the +9 morningstar of Pejijag {protect, *Corrode
                  | Fly rN+ Int+3}
 13378 | D:10     | Found a shadowy altar of Dithmenos.
 13495 | D:10     | Found a staircase to the Lair.
 13562 | D:10     | Reached ***** piety under Hepliaklqana
 13883 | Lair:1   | Entered Level 1 of the Lair of Beasts
 13929 | Lair:1   | Reached skill level 10 in Ice Magic
 14143 | Lair:1   | Reached skill level 11 in Fighting
 14311 | Lair:1   | Noticed a six-headed hydra
 14317 | Lair:1   | Killed a six-headed hydra
 14318 | Lair:1   | Reached XP level 12. HP: 90/90 MP: 15/21
 14614 | Lair:2   | Reached skill level 10 in Dodging
 14923 | Lair:2   | Noticed a minotaur
 14923 | Lair:2   | Noticed Fartwhistle's ghost (journeyman DjCj)
 15249 | Lair:2   | Found a runed translucent gate.
 15249 | Lair:2   | Found a runed translucent gate.
 15249 | Lair:2   | Found a runed translucent gate.
 15249 | Lair:2   | Noticed a death yak
 15278 | Lair:2   | HP: 4/90 [electric eel/bolt of electricity (11)]
 15852 | Lair:2   | Found a staircase to the Swamp.
 15913 | Lair:2   | Reached skill level 12 in Fighting
 16032 | Lair:2   | Reached skill level 5 in Armour
 16437 | Lair:3   | Noticed an ice dragon
 16453 | Lair:3   | Killed an ice dragon
 16454 | Lair:3   | Reached skill level 1 in Invocations
 16722 | Lair:3   | Found a staircase to the Snake Pit.
 16989 | Lair:3   | Noticed an eight-headed hydra
 16997 | Lair:3   | Killed an eight-headed hydra
 16998 | Lair:3   | Reached XP level 13. HP: 88/98 MP: 16/23
 18050 | Lair:4   | Found a runed translucent door.
 18074 | Lair:4   | Reached skill level 13 in Fighting
 18311 | Lair:4   | Noticed Rupert
 18325 | Lair:4   | Killed Rupert
 18326 | Lair:4   | Reached skill level 5 in Invocations
 19218 | Lair:5   | Found a staircase to the Slime Pits.
 19308 | Lair:5   | Reached skill level 15 in Polearms
 19490 | Lair:5   | You fall into a shaft and drop 1 floor!
 19490 | Lair:6   | Entered Level 6 of the Lair of Beasts
 20056 | Lair:5   | Reached ****** piety under Hepliaklqana
 20985 | Lair:6   | Reached XP level 14. HP: 104/107 MP: 17/24
 21094 | Lair:6   | Reached skill level 14 in Fighting
 21342 | Lair:6   | Learned a level 5 spell: Freezing Cloud
 22132 | Lair:6   | Noticed Josephine
 22187 | Lair:6   | Killed Josephine
 23732 | Lair:6   | Got Xuopot's Reference Book on Blistering Companions
 24294 | Orc:1    | Entered Level 1 of the Orcish Mines
 24295 | Orc:1    | Found West's Mayhem Merchandise.
 24607 | Orc:1    | Found Luitz's General Store.
 25047 | Orc:2    | Entered Level 2 of the Orcish Mines
 25101 | Orc:1    | Reached skill level 15 in Fighting
 25986 | Orc:2    | Found Akaaf's Antique Armour Emporium.
 25986 | Orc:2    | Found Ditheor's Assorted Antiques.
 25986 | Orc:2    | Found Gyin Gis's Armour Shop.
 25989 | Orc:2    | Found Suobusot's Antique Armour Shoppe.
 25996 | Orc:2    | Bought a potion of heal wounds for 135 gold pieces
 25996 | Orc:2    | Bought a scorched cloak for 256 gold pieces
 25996 | Orc:2    | Identified the +3 cloak of Polif {rC+ rN+ Stlth+} (You
                  | bought it in a shop on level 2 of the Orcish Mines)
 26013 | Orc:2    | Bought a crude scale mail for 306 gold pieces
 26013 | Orc:2    | Identified the +1 scale mail of Pandemonium {Will++ Str-4
                  | Stlth+} (You bought it in a shop on level 2 of the Orcish
                  | Mines)
 26337 | Orc:2    | Reached skill level 15 in Dodging
 26569 | Orc:2    | Found a staircase to the Elven Halls.
 27283 | Elf:1    | Entered Level 1 of the Elven Halls
 27734 | Elf:1    | Reached XP level 15. HP: 115/116 MP: 18/25
 29425 | Elf:1    | Reached skill level 16 in Fighting
 29702 | Elf:1    | Noticed an Executioner
 29711 | Elf:1    | Noticed an Ice Fiend
 29713 | Elf:1    | Noticed an Ice Fiend
 30497 | Elf:1    | Cast into level 2 of the Abyss (a deep elf demonologist)
 30586 | Elf:1    | Escaped the Abyss
 31287 | Swamp:1  | Entered Level 1 of the Swamp
 31442 | Orc:2    | Bought a potion of curing for 81 gold pieces
 31521 | D:8      | Bought a potion of experience for 650 gold pieces
 31521 | D:8      | Bought a potion of curing for 39 gold pieces
 31521 | D:8      | Reached XP level 16. HP: 125/125 MP: 26/26
 32233 | Swamp:1  | Identified the +11 mace of Integrity {antimagic, Str+2
                  | Stlth+}
 32405 | Swamp:1  | Noticed Louise
 32421 | Swamp:1  | Killed Louise
 33992 | Snake:1  | Entered Level 1 of the Snake Pit
 34135 | Snake:1  | Found a runed translucent door.
 34137 | Snake:1  | Noticed Idizus's ghost (adept MiFi)
 34166 | Snake:1  | Reached XP level 17. HP: 118/131 MP: 27/27
 34212 | Snake:1  | Found a frozen archway.
 34223 | IceCv    | Entered an ice cave
 34231 | IceCv    | Reached skill level 17 in Fighting
 34290 | IceCv    | Found a transporter.
 34294 | IceCv    | Identified the +1 robe of Hairiness {Harm Dex+3}
 34304 | IceCv    | Found a transporter.
 36244 | Snake:2  | Reached skill level 10 in Armour
 36765 | Snake:2  | HP: 4/133 [naga warrior/+0 flail (40)]
 36766 | Snake:2  | Annihilated by a naga warrior

Illustrated notes

Levels and vault maps discovered:
D:1:      lemuel_arrival_broad_hall, layout_loops_ring,
          shapermc_ecumenical_altar_mp_vishouse
D:2:      layout_loops_ring, hangedman_decor_riveting
D:3:      layout_rooms, nicolae_overflow_hidden_temple, minmay_pentomino_pile,
          uniq_robin
D:4:      layout_loops_cross, elyvilon_altar_3, nicolae_sif_muna_little_library,
          serial_shops, nicolae_shop_statue_plus, uniq_natasha
D:5:      wad_crossroads, layout_basic, minmay_pentangle
D:6:      layout_gridville, minmay_temple_entry_butterflies
D:7:      layout_basic, general_overflow_altar, uniq_maggie
D:8:      hellmonk_warped_wall, layout_loops_ring, serial_shops,
          kennysheep_little_box, chequers_avenue, uniq_joseph
D:9:      layout_long_grid, orc_0_dummy, onia_ninara_cookie, uniq_erica
D:10:     layout_loops_ring, mainiacjoe_overflow_paths, zin_statuary,
          david_lair_shrubbed
Lair:1:   layout_misc_corridors, chequers_serial_rivers_room_a,
          infiniplex_staircase_pool
Lair:2:   layout_concentric_octagons, skrybe_swamp_entry_bodies,
          maelrawn_ghost_gauntlet_escape, serial_bayou_lagoon_a,
          grunt_megastairs_3, serial_bayou_shore_a
Lair:3:   cheibrodos_lair_river_kwai, layout_regular_city,
          guppyfry_snake_entry_garden, ice2_lemuel, grunt_megastairs_1
Lair:4:   minmay_lair_oklob_tunnel, layout_regular_city, pf_torpor_hydra,
          infiniplex_staircase_pool_2, uniq_rupert
Lair:5:   layout_cave_pods, nicolae_slime_entry_slimehenge,
          nicolae_volcano_entry_s_turn, st_stairs_5, amcnicky_mini_pool_medium
Lair:6:   hangedman_lair_caniforms_friends, layout_cave_pods, uniq_josephine
Swamp:1:  layout_basic_swamp, evilmike_swamp_ruin_house_2, uniq_louise
Swamp:2:  layout_falls_marsh, serial_swamp_ruin, evilmike_swamp_ruin_wall,
          evilmike_swamp_ruin_house_1, swamp_pool2
Snake:1:  layout_grid_maze, portal_ice_cave_entry_pillars_2,
          gammafunk_ghost_grave
Snake:2:  nicolae_sea_snake_s, layout_misc_corridors
Orc:1:    cheibrodos_orc_guarddog, layout_caves, serial_shops, shop,
          minmay_shop_mayhem, nicolae_orc_lava_tube
Orc:2:    st_orc_rangers, layout_caves, basic_altar
Elf:1:    eino_elf_arrival_shootout, layout_onion_city,
          gammafunk_ghost_wrathful_warriors, orc_legates

Skill      XL: |  1  2  3  4  5  6  7  8  9 10 11 12 13 14 15 16 17 |
---------------+----------------------------------------------------+-----
Dodging        | 3 4 7 9 10 13 15 16 | 16.3
Fighting       | 1 2 3 4 5 7 8 10 11 12 13 15 16 17 | 17.6
Ice Magic      | 5 6 7 8 10 11 12 | 12.4
Armour         | 1 2 3 4 5 6 8 9 10 | 10.0
Spellcasting   | 4 6 7 |  7.4
Polearms       | 2 6 9 11 13 15 16 | 16.4
Invocations    | 3 5 |  5.0
Stealth        | |  2.1

Action                   |  1- 3 |  4- 6 |  7- 9 | 10-12 | 13-15 | 16-18 || total
-------------------------+-------+-------+-------+-------+-------+-------++-------
Melee: Hand axe          |    10 |       |    83 |       |       |       ||    93
       Dagger            |    48 |    88 |    64 |       |       |       ||   200
       Trident           |       |       |    30 |   251 |   589 |   184 ||  1054
       War axe           |       |       |       |     4 |    41 |    27 ||    72
       Tailslap          |       |       |       |       |     3 |     2 ||     5
Throw: Dart              |       |       |       |     1 |    12 |       ||    13
 Cast: Freeze            |    42 |    20 |     4 |       |       |       ||    66
       Ozocubu's Armour  |       |     7 |    23 |    26 |    62 |    19 ||   137
       Frozen Ramparts   |       |     9 |    24 |    38 |    68 |    12 ||   151
Invok: Ancestor Identity |     1 |       |       |       |       |       ||     1
       Ancestor Life: Kn |       |     1 |       |       |       |       ||     1
       Recall Ancestor   |       |       |       |       |     5 |     6 ||    11
       Idealise          |       |       |       |       |     4 |     2 ||     6
       Transference      |       |       |       |       |     1 |       ||     1
Evoke: Lightning rod     |       |       |       |       |     7 |       ||     7
       Wand              |       |       |       |       |     6 |     2 ||     8
  Use: Scroll            |     2 |     4 |     7 |       |    16 |     5 ||    34
       Potion            |       |     3 |       |     2 |    17 |     1 ||    23
 Stab: Sleeping          |     2 |     2 |     2 |     2 |     3 |     7 ||    18
       Distracted        |       |       |     1 |     2 |    13 |     6 ||    22
Armor: Robe              |    25 |       |       |       |       |       ||    25
       Leather armour    |       |    43 |    67 |       |       |       ||   110
       Acid dragon scale |       |       |     9 |    54 |   169 |    51 ||   283
Dodge: Dodged            |    46 |    78 |   120 |    97 |   346 |   139 ||   826
Block: Buckler           |       |       |    32 |    20 |    71 |    22 ||   145
